Map: [ESL] Moondance

Players

Clem - Winner!

  • Race: Terran Terran
  • Spawn Location: 6:00

herO

  • Race: Protoss Protoss
  • Spawn Location: 12:00

Event: DreamHack SC2 Masters 2022 Valencia

VOD

Have the link to the VOD?

Description

Time

  • Played on: July 3, 2022, 4:05 a.m.
  • Length: 12:51

All games in this series

Show
View Real Time Build Order
Export as new Build Order

Clem Terran - Winner!

Build Orders: Reaper Expand 

Get SALT Encoding   

  12  0:00  SCV  
  13  0:12  SCV  
  14  0:16  Supply Depot  
  14  0:24  SCV  
  15  0:38  SCV  
  15  0:39  Barracks  
  16  0:43  Refinery  
  16  0:50  SCV  
  17  1:02  SCV  
  18  1:14  SCV  
  19  1:27  Orbital Command  
  19  1:28  Reaper  
  20  1:39  Command Center  
  20  1:47  Supply Depot  
  20  1:53  SCV  
  21  2:00  Marine  
  22  2:05  SCV  
  23  2:08  Factory  
  23  2:17  SCV  
  23  2:20  Barracks Reactor  
  24  2:29  SCV  
  25  2:38  Command Center  
  25  2:42  SCV  
  26  2:51  Orbital Command  
  26  2:52  Factory Tech Lab  
  26  2:55  SCV  
  26  2:56  Marine  
  28  2:59  Marine  
  29  3:07  SCV  
  30  3:13  Cyclone  
  30  3:17  SCV  
  30  3:18  Marine  
  30  3:19  SCV  
  36  3:20  Marine  
  36  3:29  SCV  
  36  3:31  SCV  
  38  3:36  Marine  
  38  3:38  Marine  
  38  3:41  SCV  
  38  3:43  SCV  
  34  3:50  Cyclone  
  34  3:53  SCV  
  34  3:54  Marine  
  34  3:55  SCV  
  39  3:56  Orbital Command, Marine  
  39  4:03  Barracks  
  39  4:05  SCV  
  41  4:10  SCV  
  41  4:12  Marine  
  41  4:14  Marine  
  43  4:17  SCV  
  43  4:22  SCV, Cyclone  
  43  4:23  SCV  
  49  4:29  Marine  
  49  4:30  Barracks, SCV  
  48  4:32  Marine  
  48  4:34  SCV  
  48  4:35  SCV  
  49  4:38  Supply Depot  
  49  4:42  SCV  
  49  4:45  Refinery  
  50  4:46  SCV  
  50  4:47  Refinery, Marine  
  50  4:48  SCV  
  50  4:50  Marine  
  54  4:54  SCV  
  54  4:57  Marine  
  54  4:58  SCV, Supply Depot, Stimpack  
  57  5:01  SCV  
  57  5:05  Marine  
  59  5:07  SCV  
  59  5:08  Marine  
  59  5:11  SCV  
  59  5:12  Engineering Bay  
  62  5:14  Refinery, SCV  
  62  5:15  Marine  
  62  5:20  SCV  
  64  5:21  Barracks Tech Lab  
  64  5:23  Supply Depot, SCV, Marine  
  64  5:25  Marine  
  64  5:26  SCV, Starport  
  64  5:28  Factory Reactor  
  68  5:32  SCV  
  68  5:33  Marine  
  70  5:35  SCV  
  70  5:37  Supply Depot  
  70  5:38  SCV  
  70  5:41  Terran Infantry Weapons Level 1  
  70  5:42  Missile Turret  
  72  5:44  SCV  
  72  5:45  Marine  
  72  5:46  Missile Turret x2  
  72  5:47  Marine x2  
  72  5:48  SCV  
  77  5:52  Marine  
  77  5:54  SCV  
  79  5:57  SCV  
  79  6:01  SCV, Combat Shield  
  79  6:03  Marine  
  82  6:05  Supply Depot, Marine, Marauder  
  82  6:06  SCV  
  82  6:09  Medivac  
  82  6:10  Factory Reactor  
  82  6:11  SCV  
  89  6:14  Marauder  
  89  6:15  Refinery  
  89  6:16  Medivac  
  93  6:26  SCV x3  
  93  6:31  Barracks  
  93  6:32  Barracks, Marine x2  
  97  6:33  Supply Depot, Marauder  
  97  6:35  Marauder  
  97  6:38  SCV x2  
  96  6:42  Medivac  
  90  6:48  SCV  
  90  6:50  Marine x2  
  90  6:51  Widow Mine x2  
  97  6:54  Bunker  
  97  6:55  Marauder  
  97  6:56  Marine, Medivac  
  102  7:05  SCV x2  
  102  7:07  Marine x2  
  106  7:12  Medivac  
  106  7:14  Marine  
  109  7:15  Marine  
  109  7:17  Widow Mine x2  
  93  7:23  SCV, Marine x2  
  93  7:24  SCV  
  93  7:25  SCV, Marine  
  93  7:26  Medivac  
  97  7:30  Marine  
  97  7:34  Marine x2  
  100  7:38  Widow Mine x2  
  100  7:39  Supply Depot  
  100  7:41  Marine x2, Terran Infantry Armor Level 1  
  100  7:42  Medivac  
  100  7:43  Marine  
  110  7:44  SCV x2  
  110  7:45  SCV  
  110  7:48  Marine  
  113  7:52  Marine x2  
  113  7:56  Medivac  
  112  7:58  Marine x2  
  112  7:59  Widow Mine  
  112  8:01  Marine  
  112  8:03  Widow Mine  
  108  8:06  Marine  
  108  8:09  SCV, Marine  
  108  8:10  SCV, Marine  
  107  8:14  Viking  
  107  8:16  Marine x2  
  107  8:19  Marine  
  112  8:21  Widow Mine  
  112  8:23  Marine  
  115  8:27  Marine x2  
  111  8:34  Marine x2  
  111  8:36  Marine  
  111  8:38  Widow Mine  
  111  8:39  SCV x2  
  116  8:41  Marine  
  116  8:42  SCV  
  116  8:43  Supply Depot x2  
  116  8:45  Marine x2  
  120  8:51  Command Center  
  120  8:52  Marine x2  
  120  8:54  Marine  
  123  8:56  Widow Mine  
  125  9:04  Viking x2, Marine x3, Supply Depot  
  125  9:06  Supply Depot  
  132  9:12  Armory  
  132  9:13  Engineering Bay, Widow Mine  
  132  9:14  Barracks Tech Lab  
  132  9:16  Marine  
  135  9:20  Barracks Reactor  
  135  9:22  Marauder  
  137  9:25  Missile Turret  
  137  9:26  Marine  
  137  9:28  Widow Mine  
  137  9:29  Missile Turret  
  142  9:31  Marauder  
  142  9:32  Supply Depot  
  142  9:34  Marine  
  142  9:35  Marauder  
  145  9:42  SCV  
  145  9:44  Marine, Marauder  
  149  9:48  SCV  
  148  9:56  Viking  
  149  10:01  SCV  
  149  10:03  Marine x2, Supply Depot  
  149  10:05  Marine x2  
  150  10:08  Ghost Academy  
  150  10:10  Terran Infantry Armor Level 2, Terran Infantry Weapons Level 2  
  150  10:12  Marine  
  150  10:13  Marauder  
  153  10:17  Widow Mine x2  
  153  10:19  SCV x2  
  157  10:23  Supply Depot  
  157  10:24  Marine x2  
  157  10:25  Marine  
  160  10:29  Ghost Academy  
  160  10:39  Marine, Widow Mine  
  160  10:42  Ghost  
  163  10:46  Ghost, Marine  
  163  10:47  Marine  
  163  10:48  Planetary Fortress  
  161  10:50  Refinery x2, SCV  
  161  10:52  Widow Mine  
  161  10:54  Marine x2  
  166  10:58  SCV  
  166  11:00  Widow Mine  
  156  11:06  Marine, Medivac x2  
  156  11:11  Ghost  
  154  11:15  Marine x3  
  154  11:16  Marauder  
  154  11:17  SCV  
  154  11:18  SCV x2  
  151  11:24  Marine  
  152  11:28  Marine  
  152  11:30  Widow Mine x2  
  159  11:35  Marine x3  
  159  11:36  Viking x2  
  159  11:38  Marauder  
  159  11:39  Marine  
  167  11:41  Command Center  
  167  11:42  Marine  
  168  11:49  Marine  
  168  11:51  Widow Mine  
  171  11:57  Ghost, Marine x3  
  171  11:58  Ghost  
  171  12:00  Marine  
  179  12:06  Medivac x2  
  179  12:07  Barracks  
  179  12:08  Barracks  
  183  12:11  Barracks  
  183  12:15  Marine  
  182  12:17  Ghost  
  182  12:20  Marine  
  182  12:21  Marine x2  
  176  12:27  Marauder  
  176  12:29  Widow Mine x2  
  181  12:41  Supply Depot  
Show
View Real Time Build Order
Export as new Build Order

herO Protoss 

Build Orders: 1 Gate Expand, Oracle Opening, Phoenix Opening 

Get SALT Encoding   

  12  0:00  Probe  
  13  0:12  Probe  
  14  0:17  Pylon  
  14  0:24  Probe (Chrono Boost)  
  16  0:35  Gateway  
  16  0:36  Probe (Chrono Boost)  
  16  0:43  Probe (Chrono Boost)  
  16  0:44  Assimilator  
  17  0:50  Probe  
  18  1:03  Probe  
  19  1:19  Nexus  
  19  1:26  Cybernetics Core  
  19  1:30  Probe  
  20  1:36  Assimilator  
  20  1:42  Probe  
  20  1:45  Pylon  
  21  1:54  Probe  
  21  2:01  Adept (Chrono Boost)  
  22  2:06  Probe  
  25  2:09  Stargate  
  25  2:18  Warp Gate, Probe  
  26  2:23  Adept  
  28  2:32  Probe (Chrono Boost)  
  28  2:33  Probe (Chrono Boost)  
  32  2:44  Probe (Chrono Boost)  
  32  2:47  Probe (Chrono Boost)  
  32  2:49  Probe (Chrono Boost)  
  33  2:52  Oracle (Chrono Boost)  
  33  2:53  Adept  
  33  2:55  Probe  
  39  2:58  Probe  
  40  3:11  Probe x2  
  40  3:12  Pylon  
  42  3:20  Phoenix (Chrono Boost)  
  42  3:23  Probe x2  
  45  3:37  Phoenix (Chrono Boost), Probe x2  
  46  3:49  Probe x2  
  43  3:59  Nexus, Phoenix (Chrono Boost)  
  43  4:01  Probe x2  
  47  4:03  Pylon  
  47  4:07  Shield Battery  
  47  4:15  Probe x2  
  47  4:16  Phoenix (Chrono Boost)  
  49  4:20  Stalker  
  49  4:23  Assimilator  
  52  4:29  Probe x2, Assimilator  
  54  4:40  Pylon  
  54  4:41  Probe x2  
  54  4:43  Twilight Council  
  56  4:53  Probe x2, Robotics Facility  
  56  4:55  Shield Battery  
  58  5:02  Phoenix (Chrono Boost)  
  58  5:05  Probe x2  
  58  5:06  Gateway  
  62  5:10  Pylon  
  62  5:11  Probe  
  63  5:23  Phoenix (Chrono Boost), Probe x3  
  63  5:26  Charge (Chrono Boost)  
  63  5:28  Gateway  
  68  5:29  Gateway  
  68  5:37  Probe  
  68  5:40  Warp Prism (Chrono Boost)  
  68  5:42  Phoenix (Chrono Boost)  
  73  5:52  Gateway x2  
  73  5:56  Gateway  
  73  5:59  Gateway  
  73  6:03  Sentry x2  
  77  6:06  Phoenix (Chrono Boost)  
  79  6:13  Probe x2  
  79  6:14  Pylon  
  81  6:22  Phoenix  
  83  6:27  Zealot x4  
  91  6:46  Phoenix (Chrono Boost), Zealot  
  91  6:47  Zealot  
  89  6:48  Zealot  
  89  6:49  Zealot x3  
  89  6:51  Zealot  
  99  7:02  Phoenix  
  99  7:08  Zealot  
  99  7:13  Pylon  
  99  7:14  Pylon  
  99  7:22  Zealot x7  
  95  7:27  Probe x2, Phoenix (Chrono Boost)  
  95  7:28  Probe  
  94  7:34  Nexus  
  94  7:39  Probe  
  95  7:45  Oracle (Chrono Boost)  
  95  7:48  Zealot x4  
  95  7:49  Zealot x3  
  95  7:51  Zealot  
  108  8:12  Zealot x2  
  100  8:13  Stalker x3, Zealot x2  
  100  8:17  Sentry  
  100  8:19  Phoenix (Chrono Boost)  
  116  8:24  Probe x2  
  94  8:42  Phoenix (Chrono Boost)  
  94  8:45  Forge  
  94  8:47  Zealot x6  
  94  8:48  Forge, Zealot x2  
  112  8:59  Phoenix  
  112  9:00  Probe x3  
  115  9:12  Templar Archives  
  115  9:14  Assimilator  
  115  9:23  Protoss Ground Weapons Level 1 (Chrono Boost), Probe  
  118  9:24  Phoenix (Chrono Boost), Protoss Ground Armor Level 1 (Chrono Boost)  
  118  9:26  Assimilator x2  
  118  9:30  Zealot x3  
  124  9:32  Shield Battery  
  124  9:39  Zealot x4  
  124  9:43  Pylon  
  124  9:44  Pylon  
  124  9:45  Pylon  
  132  9:47  Psionic Storm, Pylon  
  132  9:49  Phoenix (Chrono Boost)  
  132  9:52  Probe x2  
  132  9:53  Probe  
  127  10:06  High Templar x2, Zealot x6  
  143  10:07  Shield Battery  
  143  10:20  Archon, Phoenix (Chrono Boost)  
  143  10:27  Zealot x6  
  155  10:34  Observer  
  156  10:36  Phoenix (Chrono Boost)  
  156  10:38  Pylon  
  131  10:50  High Templar x2, Zealot x6  
  147  11:00  Phoenix (Chrono Boost)  
  135  11:06  Archon  
  119  11:20  Nexus  
  119  11:21  Probe x3  
  119  11:22  Phoenix (Chrono Boost)  
  119  11:23  Warp Prism (Chrono Boost), Robotics Bay  
  124  11:25  Robotics Facility  
  126  11:38  Sentry x2, Zealot x5  
  140  11:40  Phoenix  
  140  11:41  Probe x3  
  145  11:48  Zealot  
  140  12:03  High Templar x2  
  140  12:04  Zealot x5  
  140  12:05  Phoenix (Chrono Boost)  
  148  12:21  Archon, Zealot  
  120  12:27  Phoenix (Chrono Boost)  
  98  12:31  Zealot x5  

Tags
 
Add a new tag
Caveats
  • Supply blocks, unpowered buildings, or Contaminate may cause inaccurate times.
  • Supply counts are checked every 10 seconds.